 Dungeon Crawl Stone Soup version 0.21-a0-143-g1ab7d47 (webtiles) character file.

53 Kurtz the Chiller (level 4, -5/24 HPs)
             Began as a Kobold Ice Elementalist on July 25, 2017.
             Killed from afar by Sigmund (8 damage)
             ... with a puff of flame
             ... on level 2 of the Dungeon.
             The game lasted 00:04:16 (2370 turns).

Kurtz the Chiller (Kobold Ice Elementalist)         Turns: 2370, Time: 00:04:16

Health: -5/24      AC:  7    Str:  5    XL:     4   Next: 11%
Magic:  4/8        EV: 15    Int: 17    God:
Gold:   60         SH:  0    Dex: 15    Spells: 2/8 levels left

rFire    . . .     SeeInvis .   g - +1 short sword (elec)
rCold    . . .     Gourm    .   (shield restricted)
rNeg     . . .     Faith    .   a - +0 robe
rPois    .         Spirit   .   (no helmet)
rElec    .         Reflect  .   (no cloak)
rCorr    .         Harm     .   (no gloves)
MR       .....                  (no boots)
Stlth    ++........             k - amulet of rage
HPRegen  0.08/turn              (no ring)
MPRegen  0.11/turn              (no ring)

@: icy armour, berserk cooldown, very slightly contaminated, slowed, very slow
A: carnivore 3
a: Evoke Berserk Rage


You were on level 2 of the Dungeon.
You were very full.

You visited 1 branch of the dungeon, and saw 2 of its levels.

You collected 60 gold pieces.

Inventory:

Hand Weapons
 d - a +0 short sword
 g - a +1 short sword of electrocution (weapon)
Armour
 a - a +0 robe (worn)
Jewellery
 k - an amulet of rage (around neck)
Scrolls
 e - a scroll of amnesia {unknown}
 f - a scroll of enchant armour {unknown}
 h - 5 scrolls of identify {unknown}
 i - a scroll of fog {unknown}
 m - a scroll of fear {unknown}
 n - a scroll of teleportation {unknown}
 o - 2 scrolls of remove curse {unknown}
Potions
 j - a potion of might {unknown}
 l - a potion of curing {unknown}
 p - a potion of resistance {unknown}
Books
 b - a book of Frost

   Spells                             Type                      Level
   a - Freeze                         Ice                          1
   b - Throw Frost                    Conjuration/Ice              2
   c - Ozocubu's Armour               Charms/Ice                   3
   d - Throw Icicle                   Conjuration/Ice              4
   e - Summon Ice Beast               Ice/Summoning                4
Comestibles
 c - 3 meat rations


   Skills:
 * Level 1.3 Short Blades
 - Level 2.4 Dodging
 * Level 3.0 Stealth
 * Level 2.7 Spellcasting
 - Level 1.0 Conjurations
 * Level 3.8 Ice Magic
 * Level 1.0 Evocations


You had 2 spell levels left.
You knew the following spells:

 Your Spells              Type           Power        Failure   Level  Hunger
a - Freeze                Ice            ###.         3%          1    #......
b - Ozocubu's Armour      Chrm/Ice       #.......     24%         3    ###....
c - Throw Frost           Conj/Ice       ##....       10%         2    ##.....


Dungeon Overview and Level Annotations

Branches:
Dungeon (2/15)

Altars:

Annotations:
D:2 Sigmund


Innate Abilities, Weirdness & Mutations

You are small and have problems with some larger weapons.
You are carnivorous and can eat meat at any time.


Message History

You're too confused to cast spells.
You're too confused!
Unknown command.
You're too confused to cast spells.
You're too confused!
Unknown command.
Okay, then.
You completely miss Sigmund.
Sigmund is almost dead.
Sigmund mumbles some strange words.
Sigmund flickers and vanishes!
Deactivating autopickup; reactivate with Ctrl-A.
You completely miss something. Something barely misses you. Something hits you!
* * * LOW HITPOINT WARNING * * *
You feel less confused.
You hear some strange, mumbled words.
A puff of flame appears from out of thin air!
The puff of flame hits you!
You die...

#...# #### #...# ##..... .
#...# #. .....# #. #...#
#.##.##.#
@..#######...#####.##.##.#
.......>.......%...##..#.#
.........{..†.............
#.....@...<............
#.#####...####.........
#...# #.#)......
#...####.#.......
###...#............
#.......##.#.......
#####)##.#..##[##.÷....
#####........#..##.........
##...#.###.####..#####..#..#


There were no monsters in sight!

Vanquished Creatures
  An adder (D:2)
  A worm (D:2)
  2 dart slugs (D:1)
  3 leopard geckos
  2 goblins (D:2)
  2 hobgoblins (D:1)
  4 jackals (D:1)
  3 bats
  2 frilled lizards (D:1)
  10 kobolds
  7 rats
37 creatures vanquished.

Notes
Turn   | Place    | Note
-------+----------+-------------------------------------------
     0 | D:1      | Kurtz the Kobold Ice Elementalist began the quest for the Orb.
     0 | D:1      | Reached XP level 1. HP: 10/10 MP: 3/3
   594 | D:1      | Reached XP level 2. HP: 15/15 MP: 3/5
  1073 | D:1      | Reached XP level 3. HP: 11/19 MP: 3/6
  1200 | D:1      | Learned a level 3 spell: Ozocubu's Armour
  1203 | D:1      | Learned a level 2 spell: Throw Frost
  1387 | D:2      | Noticed Sigmund
  1469 | D:2      | Reached skill level 1 in Short Blades
  1822 | D:2      | Reached XP level 4. HP: 20/24 MP: 1/8
  2134 | D:2      | Reached skill level 1 in Evocations
  2370 | D:2      | Killed from afar by Sigmund

Vault maps used:
D:1:      saegor_arrival_simple_b
D:2:      uniq_sigmund, uniq_terence

Skill      XL: |  1  2  3  4 |
---------------+-------------+-----
Short Blades   | 1 |  1.3
Evocations     | 1 |  1.0
Stealth        | 3 |  3.0
Dodging        | |  2.4
Spellcasting   | |  2.7
Conjurations   | |  1.0
Ice Magic      | |  3.8

Action                   |  1- 3 |  4- 6 || total
-------------------------+-------+-------++-------
Melee: Short sword       |    61 |    14 ||    75
 Cast: Freeze            |    24 |     2 ||    26
       Throw Frost       |     6 |     1 ||     7
       Ozocubu's Armour  |     3 |     3 ||     6
 Abil: Evoke Berserk Rag |       |     1 ||     1
 Stab: Sleeping          |     3 |       ||     3
       Distracted        |     1 |       ||     1
  Eat: Chunk             |     9 |     5 ||    14
Armor: Robe              |    12 |     1 ||    13
Dodge: Dodged            |    66 |    12 ||    78
